AoeStats
← JamesNewstedd

Arena

509624971Analyzed
4v4 RM · 4d ago on Sep 27, 2026· 53m 27s· 8 players
Game mode
Random Map
Map size
Large (8 player)
Population
200
Speed
Normal
Resources
Standard
Victory
Conquest
Starting age
Dark Age
Ending age
Imperial Age
RankedLock teamsTeams togetherTeam positionsShared explorationLock speedFull tech treeHidden civsTurbo modeCheats
Victory
Defeat
🇩🇪 Malay · Germany
1596
+11
🇩🇪 Goths · Germany
1541
+13
🇩🇪 Poles · Germany
1528
+14
🇩🇪 Armenians · Germany
1084
+29
🇨🇳 Maya · China
1536
-19
1476
-17
🇨🇳 Gurjaras · China
1462
-16
🇨🇳 Huns · China
1404
-15
叫我靓仔啊 扑街
10:00 Feudal Age
13:44 Castle Age
11:58 Double-Bit Axe
15:45 Loom
17:51 Squires
18:23 Arson
20:50 Horse Collar
29:41 Imperial Age
26:58 Town Watch
26:52 Man-at-Arms
27:59 Bow Saw
27:54 Scale Mail Armor
28:05 Forging
27:53 Gold Mining
27:46 Long Swordsman
27:49 Pikeman
29:06 Chain Mail Armor
29:43 Two-Handed Swordsman
32:46 Champion
33:54 Elite Varangian Guard
35:14 Plate Mail Armor
39:25 Iron Casting
47:03 Blast Furnace
48:57 Light Cavalry
50:35 Gold Shaft Mining
49:52 Stone Mining
825889483
0:57 Loom
10:30 Feudal Age
11:44 Double-Bit Axe
14:33 Castle Age
13:00 Horse Collar
15:55 Bow Saw
23:00 Heavy Plow
28:24 Imperial Age
26:42 Wheelbarrow
26:41 Fletching
26:52 Padded Archer Armor
27:10 Bloodlines
27:01 Husbandry
27:52 Hand Cart
27:23 Town Watch
27:54 Bodkin Arrow
28:27 Ballistics
28:54 Kshatriyas
28:46 Elite Elephant Archer
31:15 Thumb Ring
31:41 Bracer
31:57 Leather Archer Armor
34:29 Chemistry
35:38 Conscription
35:32 Fortified Wall
35:03 Treadmill Crane
35:33 Masonry
36:19 Husbandry
38:05 Scale Barding Armor
38:11 Forging
39:12 Light Cavalry
41:43 Scale Mail Armor
42:06 Chain Barding Armor
44:16 Murder Holes
44:52 Architecture
断水流
10:21 Feudal Age
11:17 Double-Bit Axe
11:43 Horse Collar
14:04 Castle Age
15:05 Bow Saw
17:25 Loom
18:31 Wheelbarrow
小西
7:48 Loom
7:56 Loom
10:28 Feudal Age
JamesNewstedd
12:50 Feudal Age
13:41 Double-Bit Axe
13:37 Horse Collar
13:49 Stone Mining
16:55 Castle Age
16:22 Wheelbarrow
17:50 Bow Saw
18:21 Heavy Plow
25:47 Gold Mining
26:16 Hand Cart
28:15 Stone Shaft Mining
29:38 Fervor
32:37 Imperial Age
29:54 Town Watch
30:12 Squires
30:19 Scale Mail Armor
30:19 Loom
30:47 Pikeman
30:48 Man-at-Arms
32:02 Chain Mail Armor
31:58 Forging
32:42 Halberdier
32:42 Man-at-Arms
34:01 Iron Casting
33:35 Scale Barding Armor
33:22 Fletching
33:33 Padded Archer Armor
33:16 Treadmill Crane
33:47 Masonry
34:38 Chemistry
33:58 Ballistics
33:28 Heated Shot
33:34 Murder Holes
34:42 Two-Man Saw
33:45 Town Patrol
35:44 Blast Furnace
34:40 Bodkin Arrow
35:02 Leather Archer Armor
37:29 Chain Barding Armor
37:16 Bracer
38:46 Conscription
38:28 Anarchy
38:30 Perfusion
38:01 Sappers
46:08 Crop Rotation
48:18 Elite Huskarl
49:37 Ring Archer Armor
49:39 Architecture
49:19 Careening
49:30 Shipwright
49:16 Siphons
49:21 Clinker Construction
SvenVonE ツ
11:41 Feudal Age
15:45 Castle Age
13:32 Horse Collar
13:48 Double-Bit Axe
17:02 Loom
18:00 Bow Saw
23:44 Bloodlines
22:57 Light Cavalry
23:37 Husbandry
23:44 Scale Barding Armor
23:50 Forging
25:22 Wheelbarrow
26:06 Town Watch
27:16 Gold Mining
31:08 Imperial Age
29:09 Heavy Plow
30:13 Chain Barding Armor
30:29 Iron Casting
30:28 Szlachta Privileges
31:11 Cavalier
33:00 Hand Cart
33:01 Winged Hussar
35:46 Blast Furnace
35:17 Conscription
35:20 Fletching
38:27 Bodkin Arrow
50:34 Crop Rotation
Öl1ng
8:05 Feudal Age
6:41 Loom
8:28 Double-Bit Axe
16:24 Wheelbarrow
19:27 Castle Age
18:08 Fletching
18:18 Horse Collar
25:50 Gold Mining
28:09 Bow Saw
29:41 Stone Mining
31:06 Hand Cart
30:38 Town Watch
37:16 Imperial Age
35:00 Forging
34:56 Treadmill Crane
36:25 Stone Shaft Mining
36:31 Gold Shaft Mining
36:41 Elite Karambit Warrior
37:44 Conscription
38:01 Iron Casting
37:28 Squires
37:13 Arson
38:36 Chemistry
37:57 Ballistics
37:52 Masonry
41:14 Blast Furnace
Gescheiterte Existenz
10:45 Feudal Age
14:31 Castle Age
13:05 Double-Bit Axe
13:21 Gold Mining
13:56 Scale Mail Armor
15:05 Man-at-Arms
15:31 Gambesons
20:28 Long Swordsman
22:01 Bow Saw
22:47 Two-Handed Swordsman
24:37 Forging
25:00 Chain Mail Armor
25:09 Gambesons
26:45 Squires
26:31 Arson
27:18 Horse Collar
27:30 Champion
28:25 Loom
29:20 Horse Collar
30:19 Wheelbarrow
29:30 Town Watch
32:26 Iron Casting
31:58 Heavy Plow
32:19 Hand Cart
34:14 Gold Shaft Mining
33:29 Stone Mining
33:36 Stone Mining
36:29 Imperial Age
36:20 Scale Barding Armor
36:06 Fletching
37:47 Plate Mail Armor
38:18 Blast Furnace
36:45 Pikeman
37:30 Town Patrol
37:42 Fereters
37:58 Conscription
38:14 Hoardings
37:10 Sappers
37:19 Capped Ram
37:50 Halberdier
38:31 Onager
40:42 Bodkin Arrow
40:47 Padded Archer Armor
47:50 Caravan
50:41 Siege Ram
Connection lost

Rejoining the realm…

Still unreachable

The connection could not be restored.

Session expired

The server has moved on; the page needs a fresh start.